 Dungeon Crawl Stone Soup version 0.29-a0-356-g7bc237e783 (webtiles) character file.

Game seed: 14314417806131658175

138 NinjaNoafa the Bolt Thrower (level 5, -1/32 HPs)
             Began as a Kobold Hunter on Apr 26, 2022.
             Shot with an arrow by a centaur (8 damage)
             ... on level 3 of the Dungeon.
             The game lasted 00:04:51 (1846 turns).

NinjaNoafa the Bolt Thrower (Kobold Hunter)         Turns: 1846, Time: 00:04:51

Health: -1/32      AC:  3    Str: 10    XL:     5   Next: 45%
Magic:  5/5        EV: 15    Int: 10    God:
Gold:   124        SH:  0    Dex: 19    Spells: 5/5 levels left

rFire   . . .      SeeInvis .   a - +1 hand crossbow
rCold   . . .      Faith    .   (no shield)
rNeg    . . .      Spirit   .   b - +0 leather armour
rPois   .          Reflect  .   (helmet restricted)
rElec   .          Harm     .   (no cloak)
rCorr   .          Rampage  .   (no gloves)
Will    +....                   (no boots)
Stlth   +++.......              f - amulet of regeneration
HPRegen 0.90/turn               d - ring of willpower
MPRegen 0.09/turn               (no ring)

@: brilliant, flying
A: small, no large weapons, nightstalker 3, hooves 1, horns 1, evolution 1
a: no special abilities


You were on level 3 of the Dungeon.
You visited 1 branch of the dungeon, and saw 3 of its levels.

You collected 124 gold pieces.

Inventory:

Hand Weapons
 a - a +1 hand crossbow (weapon)
 h - a +0 vampiric short sword
Missiles
 l - 2 curare-tipped darts
 t - 49 stones
Armour
 b - a +0 leather armour (worn)
Jewellery
 d - a ring of willpower (left hand)
 f - an amulet of regeneration (around neck)
Wands
 m - a wand of paralysis (7)
Scrolls
 c - a scroll of immolation
 e - 2 scrolls of blinking {unknown}
 g - 2 scrolls of teleportation {unknown}
 j - 3 scrolls of identify {unknown}
 k - 2 scrolls of amnesia {unknown}
 o - a scroll of torment {unknown}
 p - a scroll of enchant armour {unknown}
Potions
 r - a potion of brilliance
 s - a potion of degeneration {unknown}


   Skills:
 + Level 3.0 Fighting
 + Level 1.2 Short Blades
 + Level 6.1 Crossbows
 + Level 3.4 Dodging
 + Level 3.1 Stealth
 * Level 0.6 Spellcasting
 * Level 1.0 Conjurations
 * Level 0.8 Fire Magic


You had 5 spell levels left.
You didn't know any spells.
Your spell library contained the following spells:

 Spells                   Type           Power      Damage    Failure   Level
 Magic Dart               Conj           12%        1d3       32%         1
 Foxfire                  Conj/Fire      12%        2x1d4     34%         1
 Searing Ray              Conj           6%         2d4       45%         2
 Conjure Flame            Conj/Fire      3%         6-21      71%         3
 Inner Flame              Hex/Fire       1%         N/A       77%         3
 Flame Wave               Conj/Fire      3%         2d4       98%         4
 Fulminant Prism          Conj/Hex       0%         3d6       99%         4


Dungeon Overview and Level Annotations

Branches:
Dungeon (3/15)

Altars:
Vehumet


Innate Abilities, Weirdness & Mutations

You are small and have problems with some larger weapons.
You are completely attuned to the shadows.
You have large cloven feet.
You have a pair of small horns on your head.
You have hidden genetic potential.


Message History

There is a stone staircase leading down here.
You climb downwards.
There is a stone staircase leading up here.
There is a stone staircase leading down here.
You climb downwards.
There is a stone staircase leading up here.
No target in view!
Found a stone staircase leading down.
A centaur comes into view.
You shoot a bolt. The bolt hits the centaur.
The centaur shouts!
The centaur is moderately wounded.
The centaur wields a +0 shortbow.
The centaur shoots an arrow.
The arrow closely misses you.
You shoot a bolt.
The bolt hits the centaur but does no damage.
The centaur is moderately wounded.
The centaur shoots an arrow.
The arrow hits you.
The centaur shoots an arrow.
The arrow hits you!
Okay, then.
Found a stone staircase leading up.
The centaur shoots an arrow.
The arrow hits you.
Okay, then.
It was a potion of flight.
You feel very buoyant.
You fly up into the air.
The centaur shoots an arrow.
The arrow hits you.
It was a potion of mutation.
You feel extremely strange.
You feel a hidden potential growing inside you.
Your feet thicken and deform.
A pair of horns grows on your head!
The centaur shoots an arrow.
The arrow barely misses you.
The centaur shoots an arrow.
The arrow hits you!
* * * LOW HITPOINT WARNING * * *
It was a potion of curing.
You feel better.
The centaur shoots an arrow.
The arrow closely misses you.
It was a potion of brilliance.
You feel clever all of a sudden.
The centaur shoots an arrow.
The arrow hits you.
* * * LOW HITPOINT WARNING * * *
The centaur shoots an arrow.
The arrow hits you!
You die...

#...<# ###########
#....##.....#....<##
#.!..#c.............
#...................
#..@................
#...................
#..>................
#####...............
##..............
##..#..#.....#.
#.##.8#......_
#.##..####..#.
####8.# .....


You could see a centaur.

Vanquished Creatures
  4 gnolls (D:2)
  5 adders
  8 ball pythons
  4 bats (D:2)
  6 endoplasms
  2 giant cockroaches
  5 goblins
  6 hobgoblins
  3 quokkas (D:1)
  3 frilled lizards (D:1)
  2 kobolds
  10 rats
58 creatures vanquished.

Notes
Turn   | Place    | Note
-------+----------+-------------------------------------------
     0 | D:1      | NinjaNoafa the Kobold Hunter began the quest for the Orb.
     0 | D:1      | Reached XP level 1. HP: 12/12 MP: 1/1
   142 | D:1      | Reached XP level 2. HP: 18/18 MP: 2/2
   381 | D:1      | Reached XP level 3. HP: 21/22 MP: 3/3
   838 | D:2      | Found a faded altar of an unknown god.
   991 | D:2      | Reached XP level 4. HP: 27/27 MP: 4/4
  1103 | D:2      | Reached skill level 6 in Crossbows
  1267 | D:2      | Reached skill level 1 in Short Blades
  1475 | D:2      | Reached XP level 5. HP: 25/32 MP: 5/5
  1564 | D:3      | Found a radiant altar of Vehumet.
  1702 | D:3      | Reached skill level 1 in Conjurations
  1839 | D:3      | Noticed a centaur
  1844 | D:3      | Gained mutation: You have hidden genetic potential. [potion
                  | of mutation]
  1844 | D:3      | Gained mutation: You have large cloven feet. [potion of
                  | mutation]
  1844 | D:3      | Gained mutation: You have a pair of small horns on your
                  | head. [potion of mutation]
  1844 | D:3      | HP: 1/32 [centaur/arrow (10)]
  1846 | D:3      | Shot with an arrow by a centaur

Illustrated notes

Levels and vault maps discovered:
D:1:      minmay_arrival_nine_rooms, layout_basic,
          hangedman_decor_diamond_cutter, minmay_tripent
D:2:      layout_loops_ring, hellmonk_ecumenical_altar_arch_garden
D:3:      layout_rooms, lemuel_crystal_altar, chequers_decorated_corner,
          uniq_crazy_yiuf_cottage

Skill      XL: |  1  2  3  4  5 |
---------------+----------------+-----
Stealth        | 2 3 |  3.1
Dodging        | 3 |  3.4
Crossbows      | 6 |  6.1
Short Blades   | 1 |  1.2
Fighting       | 3 |  3.0
Conjurations   | 1 |  1.0
Spellcasting   | |  0.6
Fire Magic     | |  0.8

Action                   |  1- 3 |  4- 6 || total
-------------------------+-------+-------++-------
Melee: Short sword       |     3 |    14 ||    17
       Punch             |       |     1 ||     1
 Fire: Hand crossbow     |    91 |    54 ||   145
  Use: Potion            |       |     4 ||     4
Armor: Leather armour    |     6 |     2 ||     8
Dodge: Dodged            |    24 |    39 ||    63

Table legend: (Time is in decaauts)
 A = Elapsed time spent in this place.
 B = Non-inter-level travel time spent in this place.
 C = Inter-level travel time spent in this place.
 D = Time resting spent in this place.
 E = Time spent auto-exploring this place.
 F = Levels seen in this place.
 G = Mean time per level.
                   A        B        C        D        E       F      G
               +--------+--------+--------+--------+--------+-----+--------+
         Total |   1880 |   1760 |    120 |      0 |   1421 |   3 |  626.7 |
       Dungeon |   1880 |   1760 |    120 |      0 |   1421 |   3 |  626.7 |
               +--------+--------+--------+--------+--------+-----+--------+

Top non-repeatable levels by time:
     D:2: 878 daAuts
     D:1: 808 daAuts
     D:3: 193 daAuts
